| TOP OF THE 1ST |
|
Cincinnati Reds batting - Pitching for St. Louis Cardinals : LHP Nate Crow
|
|
Pitching: LHP Nate Crow
|
|
|
Batting: RHB Willie Lazcano
|
0-0: Called Strike 0-1: Fly out, F7 (Flyball, 7, EV 86.9 MPH)
|
|
Batting: SHB Tony Prado
|
0-0: Called Strike 0-1: Foul Ball, location: 2F 0-2: Foul Ball, location: 2F 0-2: Ball 1-2: Strikes out swinging
|
|
Batting: SHB Jun Tsuda
|
0-0: Ball 1-0: SINGLE (Line Drive, 9LS, EV 90.0 MPH)
|
|
Batting: LHB Chris Grunwald
|
0-0: Swinging Strike 0-1: Ball 1-1: Foul Ball, location: 2F 1-2: Foul Ball, location: 2F 1-2: Ball 2-2: Foul Ball, location: 2F 2-2: Strikes out swinging
|
| Top of the 1st over - 0 runs, 1 hit, 0 errors, 1 left on base; Cincinnati 0 - St. Louis 0 |
| BOTTOM OF THE 1ST |
|
St. Louis Cardinals batting - Pitching for Cincinnati Reds : LHP Edwin Pacheco
|
|
Pitching: LHP Edwin Pacheco
|
|
|
Batting: LHB Ichiro Toyota
|
0-0: Ball 1-0: Ground out 6-3 (Groundball, 6, EV 108.1 MPH)
|
|
Batting: RHB Melvin Enriquez
|
0-0: Ball 1-0: Ball 2-0: Called Strike 2-1: Foul Ball, location: 2F 2-2: Strikes out looking
|
|
Batting: RHB Jordan Diaz
|
0-0: Ball 1-0: Ground out 5-3 (Groundball, 56, EV 101.9 MPH)
|
| Bottom of the 1st over - 0 runs, 0 hits, 0 errors, 0 left on base; Cincinnati 0 - St. Louis 0 |
| TOP OF THE 2ND |
|
Cincinnati Reds batting - Pitching for St. Louis Cardinals : LHP Nate Crow
|
|
Batting: RHB Omar Quintana
|
0-0: SINGLE (Line Drive, 56D, EV 97.5 MPH)
|
|
Batting: RHB Joseph Kirchmann
|
0-0: Called Strike 0-1: Ball 1-1: Ball 2-1: SINGLE (Line Drive, 9S, EV 85.6 MPH) Omar Quintana to second Runner from 2nd tries for 3rd, SAFE, throw by RF made to third
|
|
Batting: LHB Jon Ledesma
|
0-0: Ball 1-0: Ball 2-0: Grounds into double play, 6-4-3 (Groundball, 6M, EV 80.0 MPH) Omar Quintana scores
|
|
Batting: LHB Antonio Figueroa
|
0-0: Ball 1-0: Reached on error, E6 (Groundball, 6, EV 103.1 MPH)
|
|
Batting: SHB Saulo Maina
|
0-0: Ball 1-0: Ground out 5-3 (Groundball, 5S, EV 82.5 MPH)
|
| Top of the 2nd over - 1 run, 2 hits, 1 error, 1 left on base; Cincinnati 1 - St. Louis 0 |
| BOTTOM OF THE 2ND |
|
St. Louis Cardinals batting - Pitching for Cincinnati Reds : LHP Edwin Pacheco
|
|
Batting: SHB Antoine Roux
|
0-0: Ball 1-0: SINGLE (Flyball, 8RS, EV 97.5 MPH)
|
|
Batting: SHB Chris Blue
|
0-0: Swinging Strike 0-1: Swinging Strike 0-2: Hit by Pitch Antoine Roux to second
|
|
Batting: RHB Klaas Meij
|
0-0: Ball 1-0: Foul Ball, location: 2F 1-1: Swinging Strike 1-2: Ball 2-2: Ball 3-2: Base on Balls Antoine Roux to third Chris Blue to second
|
|
Batting: SHB Luke Robbins
|
0-0: Ball 1-0: Ball 2-0: Fielders Choice at 2nd, 6-4 (Groundball, 6M, EV 86.2 MPH) Antoine Roux scores Chris Blue to third
|
|
Batting: SHB Jason Kirby
|
0-0: Ball 1-0: Foul Ball, location: 2F 1-1: 3-RUN HOME RUN (Flyball, 7LD, EV 96.2 MPH), Distance : 341 ft
|
|
Batting: LHB Armando Carbajal
|
0-0: Ball 1-0: Ball 2-0: Foul Ball, location: 2F 2-1: SINGLE (Line Drive, 6D, EV 96.2 MPH)
|
|
Batting: LHB Ichiro Toyota
|
0-0: Called Strike 0-1: Ball 1-1: Swinging Strike 1-2: Ball 2-2: Foul Ball, location: 2F 2-2: SINGLE (Line Drive, 7S, EV 92.5 MPH) Armando Carbajal to second
|
|
Batting: RHB Melvin Enriquez
|
0-0: Ball 1-0: DOUBLE (Line Drive, 7LM, EV 106.2 MPH) Armando Carbajal scores Ichiro Toyota to third Runner from 3rd tries for Home, SAFE, no throw by LF
|
|
Pitching: RHP Matt Moffat
|
|
|
Batting: RHB Jordan Diaz
|
0-0: Ground out 6-3 (Groundball, 6, EV 83.8 MPH) Melvin Enriquez to third
|
|
Batting: SHB Antoine Roux
|
0-0: 2-RUN HOME RUN (Flyball, 7D, EV 98.1 MPH), Distance : 371 ft
|
|
Batting: SHB Chris Blue
|
0-0: Called Strike 0-1: Ball 1-1: Called Strike 1-2: Ball 2-2: Fly out, F9 (Flyball, 9D, EV 92.5 MPH)
|
| Bottom of the 2nd over - 8 runs, 6 hits, 0 errors, 0 left on base; Cincinnati 1 - St. Louis 8 |
| TOP OF THE 3RD |
|
Cincinnati Reds batting - Pitching for St. Louis Cardinals : LHP Nate Crow
|
|
Batting: RHB Willie Lazcano
|
0-0: Foul Ball, location: 2F 0-1: Swinging Strike 0-2: Ball 1-2: Foul Ball, location: 2F 1-2: Strikes out swinging
|
|
Batting: SHB Tony Prado
|
0-0: Foul Ball, location: 2F 0-1: Foul Ball, location: 2F 0-2: Ball 1-2: Ball 2-2: Ball 3-2: Ground out 5-3 (Groundball, 56S, EV 90.0 MPH)
|
|
Batting: SHB Jun Tsuda
|
0-0: Called Strike 0-1: Foul Ball, location: 2F 0-2: Ball 1-2: Fly out, F8 (Line Drive, 8LM, EV 96.2 MPH)
|
| Top of the 3rd over - 0 runs, 0 hits, 0 errors, 0 left on base; Cincinnati 1 - St. Louis 8 |
| BOTTOM OF THE 3RD |
|
St. Louis Cardinals batting - Pitching for Cincinnati Reds : RHP Matt Moffat
|
|
Batting: RHB Klaas Meij
|
0-0: Fly out, F9 (Flyball, BS7, EV 100.6 MPH)
|
|
Batting: SHB Luke Robbins
|
0-0: Ground out 5-3 (Groundball, 56S, EV 83.8 MPH)
|
|
Batting: SHB Jason Kirby
|
0-0: Ball 1-0: DOUBLE (Flyball, 8RXD, EV 90.0 MPH)
|
|
Batting: LHB Armando Carbajal
|
0-0: Swinging Strike 0-1: Called Strike 0-2: Ball 1-2: Ball 2-2: Foul Ball, location: 2F 2-2: Foul Ball, location: 2F 2-2: Ground out 4-3 (Groundball, 4, EV 101.9 MPH)
|
| Bottom of the 3rd over - 0 runs, 1 hit, 0 errors, 1 left on base; Cincinnati 1 - St. Louis 8 |
| TOP OF THE 4TH |
|
Cincinnati Reds batting - Pitching for St. Louis Cardinals : LHP Nate Crow
|
|
Batting: LHB Chris Grunwald
|
0-0: Ball 1-0: Foul Ball, location: 2F 1-1: SINGLE (Groundball, 6MD, EV 106.9 MPH)
|
|
Batting: RHB Omar Quintana
|
0-0: Called Strike 0-1: Ball 1-1: Grounds into double play, 1-6-3 (Groundball, 34S, EV 71.2 MPH)
|
|
Batting: RHB Joseph Kirchmann
|
0-0: Ball 1-0: Ball 2-0: DOUBLE (Line Drive, 9LM, EV 105.6 MPH)
|
|
Batting: LHB Jon Ledesma
|
0-0: Called Strike 0-1: Ball 1-1: Swinging Strike 1-2: Ground out 4-3 (Groundball, 4S, EV 75.0 MPH)
|
| Top of the 4th over - 0 runs, 2 hits, 0 errors, 1 left on base; Cincinnati 1 - St. Louis 8 |
| BOTTOM OF THE 4TH |
|
St. Louis Cardinals batting - Pitching for Cincinnati Reds : RHP Matt Moffat
|
|
Batting: LHB Ichiro Toyota
|
0-0: Ball 1-0: Ball 2-0: DOUBLE (Line Drive, 7LS, EV 88.8 MPH)
|
|
Batting: RHB Melvin Enriquez
|
0-0: Ground out 2-3 (Groundball, 2R, EV 72.5 MPH) Ichiro Toyota to third
|
|
Batting: RHB Jordan Diaz
|
0-0: Called Strike 0-1: Swinging Strike 0-2: Strikes out swinging
|
|
Batting: SHB Antoine Roux
|
0-0: Ball Wild Pitch! Ichiro Toyota scores 1-0: Swinging Strike 1-1: DOUBLE (Line Drive, 78D, EV 107.5 MPH)
|
|
Batting: SHB Chris Blue
|
0-0: Ball 1-0: Called Strike 1-1: Ball 2-1: Ball 3-1: SINGLE (Line Drive, 6D, EV 97.5 MPH) Antoine Roux to third
|
|
Batting: RHB Klaas Meij
|
0-0: Foul Ball, location: 2F 0-1: Ball 1-1: Foul Ball, location: 2F 1-2: Foul Ball, location: 2F 1-2: Strikes out swinging
|
| Bottom of the 4th over - 1 run, 3 hits, 0 errors, 2 left on base; Cincinnati 1 - St. Louis 9 |
| TOP OF THE 5TH |
|
Cincinnati Reds batting - Pitching for St. Louis Cardinals : LHP Nate Crow
|
|
Batting: LHB Antonio Figueroa
|
0-0: Ball 1-0: Ball 2-0: SINGLE (Flyball, 3D, EV 88.8 MPH)
|
|
Batting: SHB Saulo Maina
|
0-0: Called Strike 0-1: Grounds into double play, 6-4-3 (Groundball, 6, EV 78.8 MPH)
|
|
Batting: RHB Willie Lazcano
|
0-0: Foul Ball, location: 2F 0-1: Ball 1-1: Swinging Strike 1-2: Ball 2-2: Strikes out swinging
|
| Top of the 5th over - 0 runs, 1 hit, 0 errors, 0 left on base; Cincinnati 1 - St. Louis 9 |
| BOTTOM OF THE 5TH |
|
St. Louis Cardinals batting - Pitching for Cincinnati Reds : RHP Matt Moffat
|
|
Batting: SHB Luke Robbins
|
0-0: Called Strike 0-1: Ball 1-1: Fly out, F4 (Popup, 4MD, EV 69.4 MPH)
|
|
Batting: SHB Jason Kirby
|
0-0: Fly out, F7 (Flyball, 7, EV 90.0 MPH)
|
|
Batting: LHB Armando Carbajal
|
0-0: Ball 1-0: Ball 2-0: Fly out, F5 (Popup, 25F, EV 93.8 MPH)
|
| Bottom of the 5th over - 0 runs, 0 hits, 0 errors, 0 left on base; Cincinnati 1 - St. Louis 9 |
| TOP OF THE 6TH |
|
Cincinnati Reds batting - Pitching for St. Louis Cardinals : LHP Nate Crow
|
|
Batting: SHB Tony Prado
|
0-0: Called Strike 0-1: Foul Ball, location: 2F 0-2: Ball 1-2: DOUBLE (Line Drive, 7LM, EV 93.1 MPH)
|
|
Batting: SHB Jun Tsuda
|
0-0: Ball 1-0: Ball 2-0: Ball 3-0: Called Strike 3-1: Foul Ball, location: 2F 3-2: Foul Ball, location: 2F 3-2: 2-RUN HOME RUN (Flyball, 9LD, EV 93.8 MPH), Distance : 347 ft
|
|
Batting: LHB Chris Grunwald
|
0-0: Ball 1-0: Swinging Strike 1-1: Called Strike 1-2: Ball 2-2: Ball 3-2: Strikes out looking
|
|
Batting: RHB Omar Quintana
|
0-0: Ball 1-0: Ball 2-0: Ground out 4-3 (Groundball, 4, EV 100.6 MPH)
|
|
Batting: RHB Joseph Kirchmann
|
0-0: Called Strike 0-1: Swinging Strike 0-2: Strikes out looking
|
| Top of the 6th over - 2 runs, 2 hits, 0 errors, 0 left on base; Cincinnati 3 - St. Louis 9 |
| BOTTOM OF THE 6TH |
|
St. Louis Cardinals batting - Pitching for Cincinnati Reds : RHP Matt Moffat
|
|
Batting: LHB Ichiro Toyota
|
0-0: Ball 1-0: Ground out 6-3 (Groundball, 4MD, EV 93.1 MPH)
|
|
Batting: RHB Melvin Enriquez
|
0-0: Swinging Strike 0-1: Foul Ball, location: 2F 0-2: Ground out 5-3 (Groundball, 56S, EV 86.9 MPH)
|
|
Batting: RHB Jordan Diaz
|
0-0: Ball 1-0: Fly out, F9 (Flyball, 89S, EV 91.2 MPH)
|
| Bottom of the 6th over - 0 runs, 0 hits, 0 errors, 0 left on base; Cincinnati 3 - St. Louis 9 |
| TOP OF THE 7TH |
|
Cincinnati Reds batting - Pitching for St. Louis Cardinals : LHP Nate Crow
|
|
Batting: LHB Jon Ledesma
|
0-0: Ground out 5-3 (Groundball, 6, EV 80.6 MPH)
|
|
Batting: LHB Antonio Figueroa
|
0-0: Ground out 5-3 (Groundball, 5, EV 89.4 MPH)
|
|
Batting: SHB Saulo Maina
|
0-0: Fly out, F7 (Flyball, 7, EV 98.8 MPH)
|
| Top of the 7th over - 0 runs, 0 hits, 0 errors, 0 left on base; Cincinnati 3 - St. Louis 9 |
| BOTTOM OF THE 7TH |
|
St. Louis Cardinals batting - Pitching for Cincinnati Reds : RHP Matt Moffat
|
|
Pitching: RHP Ragnar Alqvist
|
|
|
Batting: SHB Antoine Roux
|
0-0: Called Strike 0-1: Foul Ball, location: 2F 0-2: Ball 1-2: Ball 2-2: Strikes out swinging
|
|
Batting: SHB Chris Blue
|
0-0: Foul Ball, location: 2F 0-1: Fly out, F7 (Flyball, 7D, EV 96.9 MPH)
|
|
Batting: RHB Klaas Meij
|
0-0: Called Strike 0-1: Foul Ball, location: 2F 0-2: Ball 1-2: Fly out, F9 (Flyball, 9D, EV 101.9 MPH)
|
| Bottom of the 7th over - 0 runs, 0 hits, 0 errors, 0 left on base; Cincinnati 3 - St. Louis 9 |
| TOP OF THE 8TH |
|
Cincinnati Reds batting - Pitching for St. Louis Cardinals : LHP Nate Crow
|
|
Batting: RHB Willie Lazcano
|
0-0: Called Strike 0-1: Ground out 4-3 (Groundball, 4, EV 83.8 MPH)
|
|
Batting: SHB Tony Prado
|
0-0: Ball 1-0: Ball 2-0: Ball 3-0: Called Strike 3-1: Foul Ball, location: 2F 3-2: Base on Balls
|
|
Pitching: RHP J.J. Sykes
|
|
|
Batting: SHB Jun Tsuda
|
0-0: Fly out, F9 (Line Drive, 9, EV 83.8 MPH)
|
|
Batting: LHB Chris Grunwald
|
0-0: Swinging Strike 0-1: Swinging Strike 0-2: Ball 1-2: Foul Ball, location: 2F 1-2: Foul Ball, location: 2F 1-2: Ball 2-2: Ball 3-2: Fly out, F9 (Flyball, 9, EV 85.0 MPH)
|
| Top of the 8th over - 0 runs, 0 hits, 0 errors, 1 left on base; Cincinnati 3 - St. Louis 9 |
| BOTTOM OF THE 8TH |
|
St. Louis Cardinals batting - Pitching for Cincinnati Reds : RHP Ragnar Alqvist
|
|
Batting: SHB Luke Robbins
|
0-0: Ball 1-0: Swinging Strike 1-1: Fly out, F7 (Flyball, 78M, EV 81.9 MPH)
|
|
Batting: SHB Jason Kirby
|
0-0: Foul Ball, location: 2F 0-1: DOUBLE (Flyball, 8RXD, EV 95.0 MPH)
|
|
Batting: LHB Armando Carbajal
|
0-0: Ground out 6-3 (Groundball, 6, EV 105.0 MPH)
|
|
Batting: LHB Ichiro Toyota
|
0-0: Ball 1-0: Ball 2-0: Ball 3-0: Base on Balls
|
|
Batting: RHB Melvin Enriquez
|
0-0: Called Strike 0-1: Foul Ball, location: 2F 0-2: Strikes out swinging
|
| Bottom of the 8th over - 0 runs, 1 hit, 0 errors, 2 left on base; Cincinnati 3 - St. Louis 9 |
| TOP OF THE 9TH |
|
Cincinnati Reds batting - Pitching for St. Louis Cardinals : RHP J.J. Sykes
|
|
Batting: RHB Omar Quintana
|
0-0: Ball 1-0: Called Strike 1-1: Ball 2-1: SINGLE (Line Drive, 89S, EV 95.0 MPH)
|
|
Batting: RHB Joseph Kirchmann
|
0-0: Foul Ball, location: 2F 0-1: Swinging Strike 0-2: Ball 1-2: Ball 2-2: Strikes out swinging
|
|
Batting: LHB Jon Ledesma
|
0-0: Foul Ball, location: 2F 0-1: Ball 1-1: Foul Ball, location: 2F 1-2: Strikes out looking
|
|
Batting: LHB Antonio Figueroa
|
0-0: SINGLE (Line Drive, 3D, EV 101.2 MPH) Omar Quintana to second
|
|
Batting: SHB Saulo Maina
|
0-0: Ball 1-0: Called Strike 1-1: Foul Ball, location: 2F 1-2: Ball 2-2: Ball 3-2: Strikes out swinging
|
| Top of the 9th over - 0 runs, 2 hits, 0 errors, 2 left on base; Cincinnati 3 - St. Louis 9 |
|